 Dungeon Crawl Stone Soup version 0.27.1-3-gb3d3a73c9e (webtiles) character file.

Game seed: 17154271574585523912

5101 waplegopp the Cleaver (level 10, 0/90 HPs)
             Began as a Tengu Berserker on Oct 24, 2021.
             Was an Elder of Trog.
             Slain by a manticore (14 damage)
             ... on level 9 of the Dungeon.
             The game lasted 00:22:03 (11977 turns).

waplegopp the Cleaver (Tengu Berserker)            Turns: 11977, Time: 00:22:04

Health: 0/90       AC:  9    Str: 21    XL:     10   Next: 57%
Magic:  11/11      EV: 11    Int:  8    God:    Trog [****..]
Gold:   516        SH: 15    Dex: 13    Spells: 9/9 levels left

rFire    . . .     SeeInvis .   x - +2 hand axe (drain)
rCold    . . .     Faith    .   y - +0 kite shield
rNeg     + . .     Spirit   .   h - +0 scale mail
rPois    +         Reflect  +   (helmet restricted)
rElec    .         Harm     .   A - +0 cloak
rCorr    .         Rampage  .   (no gloves)
Will     .....                  (boots unavailable)
Stlth    ..........             d - amulet of reflection
HPRegen  0.25/turn              t - ring of poison resistance
MPRegen  0.12/turn              j - ring of positive energy

@: berserking, spiked, flying quickly and evasively, studying Polearms, very
quick
A: beak, talons 3, nimble flight
a: Renounce Religion, Berserk, Trog's Hand, Brothers in Arms


You were on level 9 of the Dungeon.
You worshipped Trog.
Trog was greatly pleased with you.
You visited 1 branch of the dungeon, and saw 9 of its levels.
You also visited: Bailey.

You collected 637 gold pieces.
You spent 121 gold pieces at shops.

Inventory:

Hand Weapons
 x - a +2 hand axe of draining (weapon)
 E - a +0 war axe
Missiles
 l - 7 atropa-tipped darts
 o - 41 poisoned darts
 w - 5 boomerangs (quivered)
Armour
 h - a +0 scale mail (worn)
 m - the -12 tower shield "Nunav" {rCorr}
   (You found it in a bailey)

   rCorr:     It protects you from acid and corrosion.
 y - a +0 kite shield (worn)
 A - a +0 cloak (worn)
 G - +1 ice dragon scales
Jewellery
 d - an amulet of reflection (around neck)
 j - a ring of positive energy (right hand)
 t - a ring of poison resistance (left hand)
 F - a ring of protection from cold
 H - a +4 ring of evasion
Wands
 a - a wand of polymorph (12)
 B - a wand of iceblast (13)
Scrolls
 b - 3 scrolls of teleportation
 e - 2 scrolls of fog {unknown}
 g - 3 scrolls of enchant armour {unknown}
 k - 3 scrolls of fear
 p - 2 scrolls of enchant weapon
Potions
 c - 4 potions of attraction {unknown}
 f - 3 potions of flight {unknown}
 i - a potion of resistance {unknown}
 n - 2 potions of haste
 q - 2 potions of brilliance {unknown}
 r - 2 potions of curing {unknown}
 s - a potion of invisibility {unknown}
 u - a potion of mutation {unknown}
 v - a potion of might {unknown}
 z - a potion of cancellation {unknown}
 C - a potion of heal wounds {unknown}
 D - a potion of ambrosia


   Skills:
 + Level 5.6 Fighting
 + Level 9.5 Axes
 + Level 7.7 Throwing
 + Level 6.8 Armour
 + Level 4.7 Dodging
 + Level 3.0 Stealth
 + Level 4.8 Shields


You had 9 spell levels left.
You didn't know any spells.
Your spell library was empty.

Dungeon Overview and Level Annotations

Branches:
Dungeon (9/15)             Temple (0/1) D:7             Orc (0/2) D:9
 Bailey (visited)
   Lair: D:8-11

Altars:
Dithmenos

Shops:
D:8 **


Innate Abilities, Weirdness & Mutations

You have a beak for a mouth.
You have claws for feet.
Your magical nature lets you fly swiftly and evasively.


Message History

There is an open door here.
There is an open door here.
There is an open door here.
You reach down and open the door.
There is an open door here.
You reach down and open the door.
There is an open door here.
There is an open door here.
You reach down and open the door.
There is an open door here.
A manticore comes into view.
The manticore flicks its tail.
The volley of spikes hits you!
The barbed spikes become lodged in your body.
A manticore is nearby!
A manticore is nearby!
A manticore is nearby!
You throw a boomerang. The boomerang hits the manticore!
The manticore is lightly wounded.
The manticore flicks its tail.
The volley of spikes hits you but does no damage.
You throw a boomerang.
The boomerang barely misses the manticore.
You throw a boomerang. The boomerang hits the manticore.
The manticore is moderately wounded.
The manticore flicks its tail.
The volley of spikes hits you!
The barbed spikes become lodged in your body.
You throw a boomerang. The boomerang hits the manticore!
The manticore is heavily wounded.
You throw a boomerang.
The boomerang barely misses the manticore.
You block the manticore's attack. The manticore claws you!
The manticore barely misses you. The manticore bites you!!
* * * LOW HITPOINT WARNING * * *
The manticore claws you but does no damage.
You block the manticore's attack.
A red film seems to cover your vision as you go berserk!
You feel yourself moving faster!
You feel mighty! The manticore bites you!
You die...

******* ######## *******
,,,,,,* #......# ******,,,,,*
,,,,,,* #......#**,,,,+,,,,<*
,,,,,,* #......#,,,****,,,,,*
,,,,,,*****#......+,*** *,,,,,*
,,,,,,+,,,,+......#**
*******,**
,,,,,,*****#....@.#8***⌠***8*,*
***+*** ###'##H......,,,,,,*
,,,,* #.#*.......,,,,,,* +#####
#.#*.......,,,,,,* ....>#
#.#*##8###8***8*** .....# #.#
*## *** *** .....# #.# *,*
.....# #.# *,* .....# #.# *,*


You could see a manticore.

Vanquished Creatures
  2 orc knights (Bailey)
  4 yaks (D:9)
  A wyvern (D:7)
  An acid dragon (D:8)
  A water moccasin (D:7)
  5 orc warriors
  A sky beast (D:8)
  An ice beast (D:5)
  A necrophage (D:6)
  An ogre (D:6)
  2 centaurs (D:8)
  A phantom (D:6)
  2 kobold brigands (D:9)
  3 bullfrogs (D:8)
  A scorpion (D:7)
  3 water moccasin skeletons
  6 killer bees (D:9)
  15 wights
  2 howler monkeys
  2 bullfrog zombies
  A centaur zombie (D:9)
  2 orc priests
  2 hounds
  A jelly (D:6)
  4 bullfrog skeletons
  5 iguanas
  An orc wizard (D:8)
  2 hound skeletons (D:4)
  A howler monkey zombie (D:6)
  5 gnolls
  5 adders
  A white imp (D:3)
  An ufetubus (D:4)
  2 adder skeletons (D:4)
  3 worms
  A dart slug (D:5)
  30 orcs
  3 endoplasms (D:2)
  4 giant cockroaches
  5 hobgoblins
  5 quokkas
  13 ball pythons
  7 bats
  5 frilled lizards
  5 goblins
  16 kobolds
  6 rats
191 creatures vanquished.

Notes
Turn   | Place    | Note
-------+----------+-------------------------------------------
     0 | D:1      | waplegopp the Tengu Berserker began the quest for the Orb.
     0 | D:1      | Reached XP level 1. HP: 14/14 MP: 2/2
    59 | D:1      | Found a faded altar of an unknown god.
   218 | D:1      | Reached XP level 2. HP: 19/19 MP: 3/3
   684 | D:2      | Reached XP level 3. HP: 6/23 MP: 4/4
  1477 | D:2      | Reached skill level 4 in Axes
  2286 | D:2      | Reached XP level 4. HP: 28/28 MP: 5/5
  2537 | D:2      | Reached ** piety under Trog
  2950 | D:3      | Reached skill level 1 in Stealth
  3732 | D:3      | Gained mutation: Your magical nature lets you fly swiftly
                  | and evasively. [Tengu growth]
  3732 | D:3      | Reached XP level 5. HP: 33/33 MP: 6/6
  4723 | D:4      | Reached skill level 1 in Throwing
  4728 | D:4      | Reached skill level 5 in Axes
  4728 | D:4      | Reached XP level 6. HP: 38/38 MP: 7/7
  5010 | D:4      | Reached *** piety under Trog
  5552 | D:5      | Entered Level 5 of the Dungeon
  5620 | D:5      | Noticed an ice beast
  5636 | D:5      | Killed an ice beast
  5637 | D:5      | Reached XP level 7. HP: 44/44 MP: 8/8
  5776 | D:5      | Reached skill level 6 in Axes
  6669 | D:6      | Reached XP level 8. HP: 33/48 MP: 9/9
  6676 | D:6      | Reached skill level 7 in Axes
  6857 | D:6      | Reached skill level 5 in Fighting
  8174 | D:7      | Noticed a wyvern
  8180 | D:7      | Killed a wyvern
  8186 | D:7      | Reached skill level 1 in Shields
  8247 | D:7      | Found a staircase to the Ecumenical Temple.
  8630 | D:8      | Reached skill level 5 in Throwing
  8632 | D:8      | Reached XP level 9. HP: 47/54 MP: 10/10
  8644 | D:8      | Reached skill level 8 in Axes
  8753 | D:8      | Reached skill level 5 in Armour
  9077 | D:8      | Found Robam's General Store.
  9127 | D:8      | Found Itynomubb's Specific Store.
  9137 | D:8      | Bought a scroll of teleportation for 33 gold pieces
  9137 | D:8      | Bought a potion of ambrosia for 88 gold pieces
  9260 | D:8      | Reached **** piety under Trog
 10333 | D:9      | Found a shadowy altar of Dithmenos.
 10365 | D:9      | Reached skill level 9 in Axes
 10475 | D:9      | Found a flagged portal.
 10521 | Bailey   | Entered a bailey
 10549 | Bailey   | Reached XP level 10. HP: 35/59 MP: 11/11
 10729 | Bailey   | Noticed an orc knight
 10729 | Bailey   | Noticed an orc knight
 10759 | Bailey   | Killed an orc knight
 10785 | Bailey   | Killed an orc knight
 10839 | Bailey   | Identified the -12 tower shield "Nunav" {rCorr}
 11716 | D:9      | Found a staircase to the Orcish Mines.
 11971 | D:9      | Noticed a manticore
 11977 | D:9      | Slain by a manticore

Illustrated notes

Levels and vault maps discovered:
D:1:      dpeg_arrival_tiny_c, layout_basic, shapermc_ecumenical_altar_venn
D:2:      minmay_evil_eye, layout_basic, hangedman_abyss_or_decor_stabs
D:3:      layout_loops_ring
D:4:      layout_cave_pools, minivault_11, kennysheep_generic_room_4
D:5:      layout_cave_pools, nicolae_underground_beach
D:6:      cheibrodos_helix_gallery, layout_basic
D:7:      layout_basic, minmay_temple_entry_junction, minmay_manual_monstrance
D:8:      layout_gridville, minmay_misc_feat_doors, nicolae_specific_store
D:9:      layout_roguey, amcnicky_altar_gilded, orc_0_dummy, enter_bailey_7,
          serial_corexii_hall, chequers_hall_statues_corner_a,
          corexii_hall_statues_i

Skill      XL: |  1  2  3  4  5  6  7  8  9 10 |
---------------+-------------------------------+-----
Axes           | 4 5 6 7 9 |  9.5
Stealth        | 1 2 3 |  3.0
Throwing       | 1 2 5 7 |  7.7
Fighting       | 4 5 |  5.6
Armour         | 3 4 6 |  6.8
Dodging        | 3 4 |  4.7
Shields        | 1 3 4 |  4.8

Action                   |  1- 3 |  4- 6 |  7- 9 | 10-12 || total
-------------------------+-------+-------+-------+-------++-------
Melee: Hand axe          |    45 |   129 |   192 |    33 ||   399
       Kick              |    10 |    35 |    57 |    16 ||   118
       Peck              |     5 |    15 |    30 |     4 ||    54
Throw: Dart              |       |    24 |    59 |       ||    83
       Boomerang         |       |       |    18 |    96 ||   114
Invok: Berserk           |     2 |     5 |     9 |     2 ||    18
Evoke: Wand              |       |       |     1 |       ||     1
  Use: Scroll            |       |       |     8 |       ||     8
 Stab: Sleeping          |     2 |     4 |     1 |       ||     7
Armor: Leather armour    |    13 |    24 |     4 |       ||    41
       Scale mail        |       |       |    34 |     4 ||    38
Dodge: Dodged            |    33 |    69 |    80 |    10 ||   192
Block: Kite shield       |       |       |   105 |    20 ||   125
       Other             |       |       |     1 |       ||     1
       Reflection        |       |       |     9 |       ||     9
       Tower shield      |       |       |       |     1 ||     1
